[Event "Live Chess"]
[Site "Chess.com"]
[Date "2010.12.09"]
[Round "-"]
[White "mr_Ralf"]
[Black "hipposcottimus"]
[Result "0-1"]
[CurrentPosition "4r2k/pp2R1pp/8/2R5/8/1Q1P3P/PP4P1/5q1K w - -"]
[Timezone "UTC"]
[ECO "A10"]
[ECOUrl "https://www.chess.com/openings/English-Opening-Anglo-Scandinavian-Defense"]
[UTCDate "2010.12.09"]
[UTCTime "22:16:49"]
[WhiteElo "1471"]
[BlackElo "1660"]
[TimeControl "60"]
[Termination "hipposcottimus won on time"]
[StartTime "22:16:49"]
[EndDate "2010.12.09"]
[EndTime "22:18:55"]
[Link "https://www.chess.com/game/live/75712593"]

1. c4 d5 2. Nc3 dxc4 3. e4 e5 4. Bxc4 Nf6 5. d3 Bb4 6. Nf3 Nc6 7. Bd2 Bxc3 8. Bxc3 O-O 9. Bxe5 Nxe5 10. Nxe5 Nd7 11. Nf3 Nf6 12. O-O Bg4 13. Re1 Re8 14. h3 Bh5 15. Qb3 Re7 16. Ne5 c5 17. Nxf7 Bxf7 18. Bxf7+ Rxf7 19. e5 Nd5 20. e6 Re7 21. Re5 Qd6 22. Rxd5 Qxe6 23. Rc1 Rae8 24. Rcxc5 Qe1+ 25. Kh2 Qxf2 26. Re5+ Kh8 27. Rxe7 Qf4+ 28. Kh1 Qf1+ 29. Kh2 Qf4+ 30. Kh1 Qf1+ 0-1

[Event "Live Chess"]
[Site "Chess.com"]
[Date "2010.12.09"]
[Round "-"]
[White "hipposcottimus"]
[Black "mr_Ralf"]
[Result "1-0"]
[CurrentPosition "4r1k1/p6p/1p4p1/n1p1N3/5B2/2P2K2/6PP/8 b - -"]
[Timezone "UTC"]
[ECO "C41"]
[ECOUrl "https://www.chess.com/openings/Philidor-Defense-Exchange-Variation-4.Nxd4"]
[UTCDate "2010.12.09"]
[UTCTime "22:14:23"]
[WhiteElo "1660"]
[BlackElo "1471"]
[TimeControl "60"]
[Termination "hipposcottimus won on time"]
[StartTime "22:14:23"]
[EndDate "2010.12.09"]
[EndTime "22:16:31"]
[Link "https://www.chess.com/game/live/75711924"]

1. e4 e5 2. Nf3 d6 3. d4 exd4 4. Nxd4 c5 5. Bb5+ Bd7 6. Bxd7+ Qxd7 7. Nf5 g6 8. Ne3 Bg7 9. O-O Ne7 10. c3 O-O 11. Nd2 Nbc6 12. Nb3 b6 13. f4 Bh6 14. e5 Bxf4 15. Rxf4 Qb7 16. Nd5 Nxd5 17. Qxd5 Rad8 18. exd6 Rfe8 19. Bd2 Re6 20. Rd1 Rexd6 21. Qxf7+ Qxf7 22. Rxf7 Kxf7 23. Rf1+ Kg8 24. Bf4 Rd1 25. Bg3 Rxf1+ 26. Kxf1 Rd1+ 27. Be1 Rb1 28. Ke2 Rxb2+ 29. Bd2 Rxa2 30. Nc1 Ra4 31. Nd3 Re4+ 32. Kf3 Re8 33. Bf4 Na5 34. Ne5 1-0

[Event "Live Chess"]
[Site "Chess.com"]
[Date "2010.12.09"]
[Round "-"]
[White "mr_Ralf"]
[Black "hipposcottimus"]
[Result "0-1"]
[CurrentPosition "2r5/5kp1/2p5/1p3PP1/5B1P/n4K2/8/2R5 w - -"]
[Timezone "UTC"]
[ECO "C20"]
[ECOUrl "https://www.chess.com/openings/Kings-Pawn-Opening-The-Whale-Variation"]
[UTCDate "2010.12.09"]
[UTCTime "22:12:06"]
[WhiteElo "1471"]
[BlackElo "1660"]
[TimeControl "60"]
[Termination "hipposcottimus won on time"]
[StartTime "22:12:06"]
[EndDate "2010.12.09"]
[EndTime "22:14:07"]
[Link "https://www.chess.com/game/live/75711291"]

1. e4 e5 2. c4 Bc5 3. d3 d6 4. h3 c6 5. a3 a5 6. b4 a4 7. bxc5 dxc5 8. Nf3 f5 9. exf5 Bxf5 10. Nc3 Nf6 11. Nxa4 O-O 12. Nxc5 e4 13. Nxe4 Bxe4 14. dxe4 Nxe4 15. Qxd8 Rxd8 16. Be2 Re8 17. Ng5 Nc3 18. Kf1 Nxe2 19. f3 Nd7 20. Kf2 h6 21. Re1 hxg5 22. Rxe2 Rxe2+ 23. Kxe2 Ne5 24. Bxg5 Re8 25. Kf2 Nxc4 26. Rb1 b5 27. Rc1 Kh7 28. g4 Kg6 29. Bf4 Rf8 30. Bh2 Rf7 31. f4 Rc7 32. f5+ Kg5 33. Kf3 Rc8 34. Bf4+ Kf6 35. h4 Kf7 36. g5 Nxa3 0-1

[Event "Live Chess"]
[Site "Chess.com"]
[Date "2010.12.09"]
[Round "-"]
[White "hipposcottimus"]
[Black "mr_Ralf"]
[Result "1-0"]
[CurrentPosition "4R1k1/p4ppp/8/8/8/6Q1/Pq1r1PPP/5RK1 b - -"]
[Timezone "UTC"]
[ECO "C21"]
[ECOUrl "https://www.chess.com/openings/Center-Game-Accepted-Ross-Gambit"]
[UTCDate "2010.12.09"]
[UTCTime "22:10:34"]
[WhiteElo "1660"]
[BlackElo "1471"]
[TimeControl "60"]
[Termination "hipposcottimus won by checkmate"]
[StartTime "22:10:34"]
[EndDate "2010.12.09"]
[EndTime "22:11:45"]
[Link "https://www.chess.com/game/live/75710890"]

1. e4 e5 2. d4 exd4 3. Bd3 c5 4. c3 Nc6 5. cxd4 cxd4 6. Nd2 d5 7. Nb3 dxe4 8. Bxe4 Nf6 9. Bd3 Bb4+ 10. Bd2 Bxd2+ 11. Qxd2 Qe7+ 12. Be2 O-O 13. Nf3 Re8 14. Nbxd4 Bg4 15. Nxc6 bxc6 16. O-O Bxf3 17. Bxf3 Nd5 18. Bxd5 cxd5 19. Qxd5 Rad8 20. Qf3 Qb4 21. Qg3 Qxb2 22. Rae1 Rd2 23. Rxe8# 1-0

[Event "Live Chess"]
[Site "Chess.com"]
[Date "2010.12.09"]
[Round "-"]
[White "mr_Ralf"]
[Black "hipposcottimus"]
[Result "0-1"]
[CurrentPosition "5k2/p5pp/8/1P1b4/PK6/6P1/7b/8 w - -"]
[Timezone "UTC"]
[ECO "A00"]
[ECOUrl "https://www.chess.com/openings/Kings-Fianchetto-Opening-Regan-Variation"]
[UTCDate "2010.12.09"]
[UTCTime "22:08:25"]
[WhiteElo "1471"]
[BlackElo "1660"]
[TimeControl "60"]
[Termination "hipposcottimus won on time"]
[StartTime "22:08:25"]
[EndDate "2010.12.09"]
[EndTime "22:10:17"]
[Link "https://www.chess.com/game/live/75710263"]

1. g3 e5 2. Bg2 d5 3. d4 e4 4. f3 f5 5. fxe4 fxe4 6. Nc3 Nf6 7. Bg5 Nc6 8. Bxf6 Qxf6 9. Nxd5 Qe6 10. Nxc7+ Ke7 11. Nxe6 Bxe6 12. e3 Kf7 13. Bxe4 Be7 14. Bxc6 Bf6 15. Qf3 bxc6 16. O-O-O Rhc8 17. c4 Kg8 18. Kb1 Bxc4 19. Rc1 Bd3+ 20. Ka1 Bg6 21. Rxc6 Rcb8 22. Ne2 Be8 23. Rc7 Rc8 24. Rxc8 Rxc8 25. Qd5+ Kh8 26. Rc1 Rd8 27. Rc7 Rxd5 28. Rc8 Rd8 29. Rxd8 Bxd8 30. Nc3 Kg8 31. Nd5 Kf8 32. b3 Bf7 33. b4 Bxd5 34. a3 Bf6 35. Kb2 Bg5 36. a4 Bxe3 37. Ka3 Bxd4 38. b5 Bg1 39. Kb4 Bxh2 0-1

[Event "Live Chess"]
[Site "Chess.com"]
[Date "2010.12.09"]
[Round "-"]
[White "hipposcottimus"]
[Black "mr_Ralf"]
[Result "0-1"]
[CurrentPosition "r3k3/pp4R1/3p2b1/2q5/6r1/2B5/PP4PP/5R1K w - -"]
[Timezone "UTC"]
[ECO "C41"]
[ECOUrl "https://www.chess.com/openings/Philidor-Defense-3.Bc4"]
[UTCDate "2010.12.09"]
[UTCTime "22:05:59"]
[WhiteElo "1660"]
[BlackElo "1471"]
[TimeControl "60"]
[Termination "mr_Ralf won on time"]
[StartTime "22:05:59"]
[EndDate "2010.12.09"]
[EndTime "22:08:01"]
[Link "https://www.chess.com/game/live/75709661"]

1. e4 e5 2. Nf3 d6 3. Bc4 c5 4. d4 cxd4 5. c3 dxc3 6. Nxc3 h6 7. Nd5 Nf6 8. Qa4+ Nc6 9. Bb5 Bd7 10. Nxf6+ Qxf6 11. Bxc6 Bxc6 12. Qb4 Be7 13. O-O O-O 14. Ne1 Rfc8 15. f4 Bxe4 16. fxe5 Qxe5 17. Bf4 Qd5 18. Rd1 Qc6 19. Qd2 Rd8 20. Qe2 Bd5 21. Nd3 Re8 22. Qg4 Bc4 23. Bxh6 Bf6 24. Bg5 Bxd3 25. Bxf6 Bg6 26. Bc3 Qc5+ 27. Kh1 Re4 28. Rxf7 Rxg4 29. Rxg7+ Kf8 30. Rf1+ Ke8 0-1

[Event "Live Chess"]
[Site "Chess.com"]
[Date "2010.12.09"]
[Round "-"]
[White "mr_Ralf"]
[Black "hipposcottimus"]
[Result "1-0"]
[CurrentPosition "2R3k1/p5r1/7p/5Q2/4P3/3P1b2/P5PP/6K1 b - -"]
[Timezone "UTC"]
[ECO "A10"]
[ECOUrl "https://www.chess.com/openings/English-Opening-Anglo-Scandinavian-Defense-2.cxd5-Qxd5-3.Nc3"]
[UTCDate "2010.12.09"]
[UTCTime "22:03:53"]
[WhiteElo "1471"]
[BlackElo "1660"]
[TimeControl "60"]
[Termination "mr_Ralf won by checkmate"]
[StartTime "22:03:53"]
[EndDate "2010.12.09"]
[EndTime "22:05:44"]
[Link "https://www.chess.com/game/live/75709138"]

1. c4 d5 2. cxd5 Qxd5 3. Nc3 Qd8 4. e4 e5 5. d3 Nc6 6. f4 Nf6 7. fxe5 Nxe5 8. Bf4 Bd6 9. Nf3 Nxf3+ 10. Qxf3 O-O 11. Bxd6 Qxd6 12. Be2 Bg4 13. Qf2 Qb4 14. O-O Qxb2 15. Nd5 Bxe2 16. Nxf6+ gxf6 17. Rfe1 Bh5 18. Qxb2 Bg6 19. Qxb7 Kh8 20. Qb2 Rg8 21. Qxf6+ Rg7 22. Rec1 Rg8 23. Rxc7 Bh5 24. Rac1 h6 25. Rc8 Kh7 26. Rxg8 Rxg8 27. Qxf7+ Rg7 28. Qf5+ Bg6 29. Qf6 Bh5 30. Rc6 Bf3 31. Qf5+ Kg8 32. Rc8# 1-0

[Event "Live Chess"]
[Site "Chess.com"]
[Date "2010.12.09"]
[Round "-"]
[White "hipposcottimus"]
[Black "mr_Ralf"]
[Result "1-0"]
[CurrentPosition "rn1Qkb2/ppp2Np1/3p1n1p/8/2B5/3P4/PPP2PPP/RNB2RK1 b - -"]
[Timezone "UTC"]
[ECO "C42"]
[ECOUrl "https://www.chess.com/openings/Petrovs-Defense-Urusov-Gambit"]
[UTCDate "2010.12.09"]
[UTCTime "22:02:32"]
[WhiteElo "1660"]
[BlackElo "1471"]
[TimeControl "60"]
[Termination "hipposcottimus won by checkmate"]
[StartTime "22:02:32"]
[EndDate "2010.12.09"]
[EndTime "22:03:27"]
[Link "https://www.chess.com/game/live/75708790"]

1. e4 e5 2. Nf3 Nf6 3. Bc4 h6 4. Nxe5 d6 5. Nxf7 Nxe4 6. Nxh8 Qe7 7. Qh5+ Kd7 8. O-O Kd8 9. d3 Nf6 10. Nf7+ Kd7 11. Qf5+ Ke8 12. Qxc8+ Qd8 13. Qxd8# 1-0

[Event "Live Chess"]
[Site "Chess.com"]
[Date "2010.12.09"]
[Round "-"]
[White "mr_Ralf"]
[Black "hipposcottimus"]
[Result "1-0"]
[CurrentPosition "4N1k1/p5pp/6q1/4p3/3p4/P2P1r2/4KPbP/R3R3 b - -"]
[Timezone "UTC"]
[ECO "A10"]
[ECOUrl "https://www.chess.com/openings/English-Opening-Jaenisch-Gambit"]
[UTCDate "2010.12.09"]
[UTCTime "22:00:15"]
[WhiteElo "1471"]
[BlackElo "1660"]
[TimeControl "60"]
[Termination "mr_Ralf won on time"]
[StartTime "22:00:15"]
[EndDate "2010.12.09"]
[EndTime "22:02:20"]
[Link "https://www.chess.com/game/live/75708143"]

1. c4 b5 2. cxb5 c6 3. bxc6 Nxc6 4. e4 e5 5. Nf3 Nf6 6. b3 Bb4 7. Bb2 d6 8. Ba3 O-O 9. Bxb4 Nxb4 10. Nc3 Ba6 11. d3 Nd7 12. a3 Nc6 13. b4 f5 14. b5 fxe4 15. bxc6 exf3 16. cxd7 fxg2 17. Bxg2 Qxd7 18. O-O Rae8 19. Re1 d5 20. Ne2 d4 21. Ng3 Bc8 22. Ne4 Qf5 23. Nd6 Qg6 24. Nxe8 Bh3 25. Qf3 Rxf3 26. Kf1 Bxg2+ 27. Ke2 1-0

[Event "Live Chess"]
[Site "Chess.com"]
[Date "2010.12.09"]
[Round "-"]
[White "hipposcottimus"]
[Black "mr_Ralf"]
[Result "1-0"]
[CurrentPosition "4r2r/p1b3p1/5k1p/1q6/2p5/5Q2/PPP1RPPP/4R1K1 b - -"]
[Timezone "UTC"]
[ECO "C41"]
[ECOUrl "https://www.chess.com/openings/Philidor-Defense-3.Bc4"]
[UTCDate "2010.12.09"]
[UTCTime "21:57:59"]
[WhiteElo "1660"]
[BlackElo "1471"]
[TimeControl "60"]
[Termination "hipposcottimus won on time"]
[StartTime "21:57:59"]
[EndDate "2010.12.09"]
[EndTime "21:59:58"]
[Link "https://www.chess.com/game/live/75707527"]

1. e4 e5 2. Nf3 d6 3. Bc4 h6 4. d4 exd4 5. Qxd4 c5 6. Qd5 Be6 7. Qxb7 Nd7 8. Bxe6 fxe6 9. O-O Ngf6 10. Nc3 e5 11. Re1 Be7 12. Qb3 Qc8 13. Nd5 c4 14. Nxf6+ Kf7 15. Nxe5+ Kxf6 16. Nxd7+ Qxd7 17. Qf3+ Ke6 18. e5 dxe5 19. Bf4 Bf6 20. Rad1 Qb5 21. Bxe5 Bxe5 22. Qe3 Rae8 23. Re2 Kf6 24. Rde1 Bc7 25. Qf3+ 1-0

[Event "Live Chess"]
[Site "Chess.com"]
[Date "2010.12.09"]
[Round "-"]
[White "mr_Ralf"]
[Black "hipposcottimus"]
[Result "0-1"]
[CurrentPosition "4rrk1/p5pp/8/8/1P3q2/P6Q/1B4P1/3RR2K w - -"]
[Timezone "UTC"]
[ECO "A10"]
[ECOUrl "https://www.chess.com/openings/English-Opening-Jaenisch-Gambit"]
[UTCDate "2010.12.09"]
[UTCTime "21:55:50"]
[WhiteElo "1471"]
[BlackElo "1660"]
[TimeControl "60"]
[Termination "hipposcottimus won on time"]
[StartTime "21:55:50"]
[EndDate "2010.12.09"]
[EndTime "21:57:35"]
[Link "https://www.chess.com/game/live/75706949"]

1. c4 b5 2. c5 d6 3. cxd6 cxd6 4. e4 Bd7 5. Nc3 e5 6. Bxb5 Nf6 7. Bxd7+ Nbxd7 8. d3 Be7 9. Nf3 O-O 10. O-O Nh5 11. a3 f5 12. exf5 Rxf5 13. Nd5 Rf8 14. Nxe7+ Qxe7 15. Nd2 Nhf6 16. Nc4 d5 17. Ne3 Rad8 18. b4 e4 19. dxe4 dxe4 20. Re1 Ne5 21. Qc2 Qe6 22. Bb2 Neg4 23. h3 Nxe3 24. Rxe3 Nd5 25. Rxe4 Qf6 26. Ree1 Qf7 27. Rad1 Nf4 28. Qe4 Rde8 29. Qf3 Nxh3+ 30. Qxh3 Qxf2+ 31. Kh1 Qf4 0-1

[Event "Live Chess"]
[Site "Chess.com"]
[Date "2010.12.09"]
[Round "-"]
[White "hipposcottimus"]
[Black "mr_Ralf"]
[Result "0-1"]
[CurrentPosition "rnk2b1r/p1p1nQ1p/6p1/4q1B1/4P3/2N5/PPP3PP/3R1RK1 w - -"]
[Timezone "UTC"]
[ECO "C42"]
[ECOUrl "https://www.chess.com/openings/Petrovs-Defense-Urusov-Gambit"]
[UTCDate "2010.12.09"]
[UTCTime "21:53:51"]
[WhiteElo "1660"]
[BlackElo "1471"]
[TimeControl "60"]
[Termination "mr_Ralf won on time"]
[StartTime "21:53:51"]
[EndDate "2010.12.09"]
[EndTime "21:55:35"]
[Link "https://www.chess.com/game/live/75706479"]

1. e4 e5 2. Nf3 Nf6 3. Bc4 d6 4. d4 exd4 5. e5 dxe5 6. Nxe5 Be6 7. Qf3 Bxc4 8. Nxc4 Qe7+ 9. Ne3 dxe3 10. fxe3 Qe6 11. Qxb7 Qc6 12. Qc8+ Ke7 13. O-O Nd5 14. Qf5 g6 15. Qxf7+ Kd8 16. e4 Ne7 17. Bg5 Qd6 18. Nc3 Kc8 19. Rad1 Qe5 0-1

[Event "Live Chess"]
[Site "Chess.com"]
[Date "2010.12.09"]
[Round "-"]
[White "mr_Ralf"]
[Black "hipposcottimus"]
[Result "0-1"]
[CurrentPosition "5rk1/3N2pp/2p1n3/1b1p1p2/3P4/4P1PB/3K1P1P/1R6 w - -"]
[Timezone "UTC"]
[ECO "A10"]
[ECOUrl "https://www.chess.com/openings/English-Opening-Jaenisch-Gambit"]
[UTCDate "2010.12.09"]
[UTCTime "21:51:21"]
[WhiteElo "1471"]
[BlackElo "1660"]
[TimeControl "60"]
[Termination "hipposcottimus won on time"]
[StartTime "21:51:21"]
[EndDate "2010.12.09"]
[EndTime "21:53:30"]
[Link "https://www.chess.com/game/live/75705804"]

1. c4 b5 2. Nc3 b4 3. Nd5 e6 4. Ne3 d5 5. cxd5 exd5 6. d4 Nf6 7. Nc2 a5 8. a3 c6 9. axb4 Be7 10. bxa5 Rxa5 11. Rxa5 Qxa5+ 12. Bd2 Bb4 13. Nf3 Bxd2+ 14. Qxd2 Qb5 15. b4 O-O 16. g3 Ne4 17. Qd3 Qa4 18. Bg2 Ba6 19. Qd1 Qb5 20. Na3 Nc3 21. Nxb5 Nxd1 22. Kxd1 Bxb5 23. Bh3 f5 24. e3 Na6 25. Kd2 Nxb4 26. Rb1 Na6 27. Ne5 Nc7 28. Nd7 Ne6 0-1

[Event "Live Chess"]
[Site "Chess.com"]
[Date "2010.12.09"]
[Round "-"]
[White "hipposcottimus"]
[Black "mr_Ralf"]
[Result "0-1"]
[CurrentPosition "8/pp2k3/3pp3/2p5/2P5/2K3r1/PP4r1/2R5 w - -"]
[Timezone "UTC"]
[ECO "C41"]
[ECOUrl "https://www.chess.com/openings/Philidor-Defense-3.Bc4"]
[UTCDate "2010.12.09"]
[UTCTime "21:49:14"]
[WhiteElo "1660"]
[BlackElo "1471"]
[TimeControl "60"]
[Termination "mr_Ralf won by checkmate"]
[StartTime "21:49:14"]
[EndDate "2010.12.09"]
[EndTime "21:51:06"]
[Link "https://www.chess.com/game/live/75705183"]

1. e4 e5 2. Nf3 d6 3. Bc4 h6 4. d4 exd4 5. Nxd4 c5 6. Nf3 Bg4 7. Nc3 Nc6 8. Qd3 Qf6 9. e5 Nxe5 10. Nxe5 Qxe5+ 11. Be3 Be7 12. O-O Bg5 13. Rfe1 Bxe3 14. Rxe3 Qxe3 15. Qxe3+ Ne7 16. Qf4 Be6 17. Nd5 O-O 18. Nxe7+ Kh8 19. Bxe6 fxe6 20. Qg4 Rf6 21. Qxg7+ Kxg7 22. f3 Kf7 23. g4 Kxe7 24. Rd1 Rxf3 25. Rc1 Rf4 26. h3 Rg8 27. Kg2 h5 28. Kg3 Rf6 29. c4 hxg4 30. hxg4 Rfg6 31. Kf3 Rxg4 32. Ke2 Rg3 33. Kd2 Rg2+ 34. Kc3 R8g3# 0-1

[Event "Live Chess"]
[Site "Chess.com"]
[Date "2010.12.09"]
[Round "-"]
[White "hipposcottimus"]
[Black "lipton131313"]
[Result "1-0"]
[CurrentPosition "8/pr6/6p1/1r2n1P1/8/1P1k4/P7/1K1R4 b - -"]
[Timezone "UTC"]
[ECO "C41"]
[ECOUrl "https://www.chess.com/openings/Philidor-Defense-3.Bc4"]
[UTCDate "2010.12.09"]
[UTCTime "21:46:30"]
[WhiteElo "1660"]
[BlackElo "1720"]
[TimeControl "60"]
[Termination "hipposcottimus won on time"]
[StartTime "21:46:30"]
[EndDate "2010.12.09"]
[EndTime "21:48:35"]
[Link "https://www.chess.com/game/live/75704444"]

1. e4 e5 2. Nf3 d6 3. Bc4 c6 4. d4 f5 5. dxe5 dxe5 6. Nxe5 Qxd1+ 7. Kxd1 Nf6 8. Bg5 Be7 9. Bf7+ Kf8 10. Bxf6 Bxf6 11. f4 Bxe5 12. fxe5 Kxf7 13. exf5 Bxf5 14. Nc3 g6 15. Kd2 Nd7 16. Raf1 Ke6 17. Kc1 Ke7 18. Rhg1 Be6 19. g4 Bd5 20. Re1 Rhe8 21. Nxd5+ cxd5 22. h3 Nb6 23. h4 Ke6 24. h5 Nc4 25. hxg6 hxg6 26. Kb1 Nxe5 27. Re2 Kd6 28. Rge1 Re7 29. Rd2 Rd8 30. Red1 Kc6 31. c4 Red7 32. cxd5+ Rxd5 33. Rc1+ Kd6 34. Rdc2 Ke6 35. Rc7 R8d7 36. Rxb7 Rxb7 37. Re1 Rdb5 38. b3 Kd5 39. Rg1 Kd4 40. g5 Kc3 41. Rc1+ Kd3 42. Rd1+ 1-0

[Event "Live Chess"]
[Site "Chess.com"]
[Date "2010.12.09"]
[Round "-"]
[White "Valhery"]
[Black "hipposcottimus"]
[Result "1-0"]
[CurrentPosition "8/6pp/P3k2n/4p1q1/1B4bN/3P2Q1/5PPP/R4RK1 b - -"]
[Timezone "UTC"]
[ECO "A10"]
[ECOUrl "https://www.chess.com/openings/English-Opening-Jaenisch-Gambit"]
[UTCDate "2010.12.09"]
[UTCTime "19:43:29"]
[WhiteElo "1391"]
[BlackElo "1432"]
[TimeControl "600"]
[Termination "Valhery won on time"]
[StartTime "19:43:29"]
[EndDate "2010.12.09"]
[EndTime "20:00:32"]
[Link "https://www.chess.com/game/live/75670753"]

1. c4 b5 2. cxb5 a6 3. e4 e5 4. Nf3 f6 5. Nc3 c5 6. Be2 Qb6 7. Nd5 Qb7 8. bxa6 Nxa6 9. O-O Nb4 10. Nxb4 Qxb4 11. a3 Qxe4 12. d3 Qg6 13. Bd2 d6 14. a4 Nh6 15. a5 Be7 16. b4 f5 17. bxc5 f4 18. cxd6 Bxd6 19. Qc2 Bh3 20. Qc6+ Kf7 21. Nh4 Qg5 22. Qxd6 Rhe8 23. Bf3 Kg8 24. Bxa8 Rxa8 25. Qd5+ Kf8 26. Bb4+ Ke8 27. Qxa8+ Kf7 28. Qf8+ Ke6 29. a6 f3 30. Qxf3 Bg4 31. Qg3 1-0

[Event "Live Chess"]
[Site "Chess.com"]
[Date "2010.12.09"]
[Round "-"]
[White "hipposcottimus"]
[Black "Irwan123"]
[Result "1-0"]
[CurrentPosition "8/pp4NP/2n1p3/2p5/6kP/8/P1P3P1/6K1 b - -"]
[Timezone "UTC"]
[ECO "A43"]
[ECOUrl "https://www.chess.com/openings/Old-Benoni-Defense-Franco-Benoni-Defense"]
[UTCDate "2010.12.09"]
[UTCTime "06:48:08"]
[WhiteElo "1441"]
[BlackElo "1586"]
[TimeControl "300+5"]
[Termination "hipposcottimus won by resignation"]
[StartTime "06:48:08"]
[EndDate "2010.12.09"]
[EndTime "07:02:16"]
[Link "https://www.chess.com/game/live/75493354"]

1. e4 e6 2. d4 c5 3. d5 exd5 4. Qxd5 Nf6 5. Qg5 h6 6. Qh4 Be7 7. Bg5 O-O 8. Bxh6 gxh6 9. Qxh6 Nh7 10. Bd3 Bg5 11. Qh3 d5 12. Qg3 dxe4 13. Bc4 Kh8 14. Ne2 Nc6 15. O-O Qf6 16. f4 Bh6 17. Nbc3 Be6 18. Nxe4 Qxb2 19. Bxe6 fxe6 20. Ng5 Nxg5 21. fxg5 Bg7 22. Qh4+ Kg8 23. g6 Rf6 24. Qh7+ Kf8 25. Rxf6+ Qxf6 26. Rf1 Ke7 27. Rxf6 Kxf6 28. Nf4 Rh8 29. Nh5+ Kg5 30. h4+ Kg4 31. Nxg7 Rxh7 32. gxh7 1-0

[Event "Live Chess"]
[Site "Chess.com"]
[Date "2010.12.09"]
[Round "-"]
[White "kamyy"]
[Black "hipposcottimus"]
[Result "0-1"]
[CurrentPosition "r4rk1/p5pp/1p6/3P1P2/2b1N3/P3B2P/4RPP1/3Q1K1q w - -"]
[Timezone "UTC"]
[ECO "D10"]
[ECOUrl "https://www.chess.com/openings/Slav-Defense-3.Nc3"]
[UTCDate "2010.12.09"]
[UTCTime "06:36:22"]
[WhiteElo "1492"]
[BlackElo "1428"]
[TimeControl "600"]
[Termination "hipposcottimus won by checkmate"]
[StartTime "06:36:22"]
[EndDate "2010.12.09"]
[EndTime "06:45:39"]
[Link "https://www.chess.com/game/live/75491163"]

1. d4 d5 2. c4 c6 3. Nc3 Nd7 4. cxd5 cxd5 5. Nxd5 e6 6. Nc3 Ngf6 7. Bg5 Bb4 8. a3 Bxc3+ 9. bxc3 Qc7 10. Qc2 O-O 11. Nf3 Nd5 12. Rc1 f6 13. Bd2 e5 14. e4 N5b6 15. d5 Nc4 16. Bxc4 Qxc4 17. Be3 b6 18. Nd2 Qc7 19. O-O Ba6 20. Rfe1 f5 21. exf5 Nf6 22. c4 e4 23. Nxe4 Ng4 24. h3 Qh2+ 25. Kf1 Ne5 26. Qd1 Nxc4 27. Rxc4 Bxc4+ 28. Re2 Qh1# 0-1

[Event "Live Chess"]
[Site "Chess.com"]
[Date "2010.12.09"]
[Round "-"]
[White "hipposcottimus"]
[Black "chenque14"]
[Result "0-1"]
[CurrentPosition "5rk1/p5pp/b1p1p1r1/3p4/4N3/3n2P1/PP4KP/R7 w - -"]
[Timezone "UTC"]
[ECO "C02"]
[ECOUrl "https://www.chess.com/openings/French-Defense-Advance-Variation-3...c5"]
[UTCDate "2010.12.09"]
[UTCTime "04:48:31"]
[WhiteElo "1649"]
[BlackElo "1666"]
[TimeControl "60"]
[Termination "chenque14 won on time"]
[StartTime "04:48:31"]
[EndDate "2010.12.09"]
[EndTime "04:50:31"]
[Link "https://www.chess.com/game/live/75470942"]

1. e4 e6 2. d4 d5 3. e5 c5 4. f4 Nc6 5. Nf3 cxd4 6. Bb5 f6 7. Bxc6+ bxc6 8. Qxd4 Qb6 9. c3 Bc5 10. Qd3 Ba6 11. Qc2 Ne7 12. Nd4 Bxd4 13. cxd4 Qxd4 14. Nc3 Rc8 15. Qf2 Qxf2+ 16. Kxf2 O-O 17. Re1 fxe5 18. Rxe5 Rf6 19. Kg1 Rcf8 20. f5 Nxf5 21. Bg5 Rg6 22. Bh4 Nxh4 23. g3 Nf3+ 24. Kg2 Nxe5 25. Ne4 Nd3 0-1

[Event "Live Chess"]
[Site "Chess.com"]
[Date "2010.12.09"]
[Round "-"]
[White "chenque14"]
[Black "hipposcottimus"]
[Result "1-0"]
[CurrentPosition "8/7p/p5pk/1p5r/3PR3/1BP2PK1/PP4P1/8 b - -"]
[Timezone "UTC"]
[ECO "C45"]
[ECOUrl "https://www.chess.com/openings/Scotch-Game"]
[UTCDate "2010.12.09"]
[UTCTime "04:45:54"]
[WhiteElo "1654"]
[BlackElo "1657"]
[TimeControl "60"]
[Termination "chenque14 won on time"]
[StartTime "04:45:54"]
[EndDate "2010.12.09"]
[EndTime "04:48:08"]
[Link "https://www.chess.com/game/live/75470427"]

1. e4 e5 2. Nf3 Nc6 3. d4 d5 4. exd5 e4 5. dxc6 exf3 6. Qxf3 Rb8 7. Nc3 Be7 8. Bb5 b6 9. O-O Nf6 10. Re1 O-O 11. Bg5 Qd6 12. Rad1 a6 13. Ba4 b5 14. Bb3 Ng4 15. Bf4 Qf6 16. Bxc7 Ra8 17. Be5 Bd6 18. Bxf6 Bxh2+ 19. Kh1 gxf6 20. Qxg4+ Bxg4 21. f3 Bh5 22. Kxh2 Bg6 23. Ne4 Kh8 24. Nxf6 Rac8 25. Nd7 Rfd8 26. Bd5 Rc7 27. c3 Rcxd7 28. cxd7 Rxd7 29. Bb3 Kg7 30. Re8 Rd6 31. Rde1 Rf6 32. R1e4 Rf5 33. Rg4 Rh5+ 34. Kg3 Kh6 35. Rxg6+ fxg6 36. Re4 1-0

[Event "Live Chess"]
[Site "Chess.com"]
[Date "2010.12.09"]
[Round "-"]
[White "hipposcottimus"]
[Black "sonny_widodo"]
[Result "1-0"]
[CurrentPosition "r5kr/pp1nQ3/2p3R1/3p3p/8/2N3B1/PqP2PPP/6K1 b - -"]
[Timezone "UTC"]
[ECO "B02"]
[ECOUrl "https://www.chess.com/openings/Alekhines-Defense-John-Tracy-Gambit"]
[UTCDate "2010.12.09"]
[UTCTime "04:40:09"]
[WhiteElo "1666"]
[BlackElo "2001"]
[TimeControl "60"]
[Termination "hipposcottimus won by checkmate"]
[StartTime "04:40:09"]
[EndDate "2010.12.09"]
[EndTime "04:41:38"]
[Link "https://www.chess.com/game/live/75469281"]

1. e4 Nf6 2. Nf3 Nxe4 3. d3 Nf6 4. Nc3 d5 5. d4 Bg4 6. Bb5+ c6 7. Be2 e6 8. O-O Bd6 9. Re1 Nbd7 10. Ne5 Nxe5 11. dxe5 Bxe2 12. Rxe2 Bxe5 13. Rxe5 Qd6 14. Bf4 g5 15. Bg3 Qb4 16. Qd2 Qxb2 17. Rae1 h5 18. Qxg5 Nd7 19. Rxe6+ fxe6 20. Rxe6+ Kf7 21. Qe7+ Kg8 22. Rg6# 1-0